Devils vs Wolves
(R1)
Created - June 15, 2022 at 21:20
Goals
|
| Devils |
1 |
2 |
2 |
5 |
| Wolves |
2 |
5 |
1 |
8 |
|
Shots
|
| Devils |
12 |
9 |
13 |
34 |
| Wolves |
10 |
18 |
9 |
37 |
|
1st period
1. Devils , Sam Bennett 35 (Logan Shaw 62) at 9:17
2. Wolves , Lawson Crouse 37 (Alexandre Grenier 69, Kyle Rau 79) at 10:17
3. Wolves , Eric Robinson 14 (Jake Evans 6, Jeffrey Foss 41) at 18:37
Penalties :
Lawson Crouse (Chi) for Tripping (Minor) at 2:18, Logan Shaw (Bin) for Tripping (Minor) at 12:58, Fredrik Olofsson (Chi) for Interference (Minor) at 15:20, Conor Garland (Bin) for Roughing (Minor) at 19:41
2nd period
4. Wolves , Jeffrey Foss 4 (Joe Morrow 60, Ebbe Siönäs) at 0:35 (PP)
5. Devils , Brett Seney 18 (Darren Dietz 27, Reid Boucher 13) at 1:16
6. Devils , Jonny Brodzinski 14 (Darren Dietz 28, Brett Howden 6) at 15:28
7. Wolves , Kyle Rau 41 (Alexandre Grenier 70, Joe Morrow 61) at 15:38
8. Wolves , Jake Evans 10 (Victor Olofsson 28, Anton Lindholm 28) at 17:57
9. Wolves , Antti Suomela 22 (Thomas Spelling 32, Jeffrey Foss 42) at 19:13
10. Wolves , Eric Robinson 15 (Joe Morrow 62, Victor Olofsson 29) at 19:41
Penalties :
Sam Bennett (Bin) for Boarding (Minor) at 4:38, Joonas Donskoi (Bin) for Hooking (Minor) at 12:13
3rd period
11. Devils , Brandon Carlo 6 (Sam Bennett 74) at 1:10 (PP)
12. Devils , Brett Seney 19 (Conor Garland 19, Ilya Lyubushkin 6) at 10:06
13. Wolves , Alexandre Grenier 54 (Lawson Crouse 44) at 10:24
Penalties :
Eric Robinson (Chi) for Roughing (Minor) at 0:49, Darren Dietz (Bin) for Slashing (Minor) at 1:42, Eric Robinson (Chi) for Hooking (Minor) at 18:26
Goalie Stats
Calvin Pickard (Bin), 17 saves from 22 shots - (0.773), 37:57 minutes
Juuse Saros (Bin), 12 saves from 15 shots - (0.800), L, 5-12-2, 22:03 minutes
Ebbe Siönäs (Chi), 29 saves from 34 shots - (0.853), W, 12-8-2, 60:00 minutes
Players Stats for Devils
Player Name G A P +/- PIM S H SB GA TA FO MP PP MP PK MP
------------------------------------------------------------------------------------
Alan Quine 0 0 0 -4 0 2 0 0 1 1 10/19 18:45 2:30 3:15
Ben Hutton 0 0 0 -5 0 1 0 2 1 1 0/0 27:02 3:40 5:05
Brandon Carlo 1 0 1 -5 0 4 1 2 0 0 0/0 27:02 3:40 5:05
Brett Howden 0 1 1 1 0 1 0 0 0 0 5/5 7:13 0:00 0:00
Brett Seney 2 0 2 2 0 5 0 0 1 0 0/0 11:07 0:03 1:32
Christian Wolanin 0 0 0 0 0 0 2 0 0 0 0/0 9:28 0:00 0:52
Conor Garland 0 1 1 2 2 3 1 0 0 0 0/1 8:22 0:00 0:00
Darren Dietz 0 2 2 1 2 0 1 1 0 1 0/0 18:18 2:12 2:53
Ilya Lyubushkin 0 1 1 1 0 0 1 1 0 1 0/0 19:06 2:12 3:45
Jake Bean 0 0 0 1 0 0 0 0 0 0 0/0 5:16 0:00 0:00
Jonny Brodzinski 1 0 1 1 0 4 1 0 0 0 0/0 7:13 0:00 0:00
Joonas Donskoi 0 0 0 -4 2 2 4 3 1 1 1/2 16:29 2:30 0:00
Logan Shaw 0 1 1 -2 2 3 2 1 0 0 0/1 18:52 3:22 0:00
Mason Marchment 0 0 0 1 0 1 1 0 0 1 0/0 7:13 0:00 0:00
Reid Boucher 0 1 1 2 0 1 0 1 0 0 1/1 9:06 0:03 0:25
Robbie Russo 0 0 0 0 0 0 2 0 0 1 0/0 8:36 0:00 0:00
Sam Bennett 1 1 2 -2 2 2 3 1 0 1 19/38 23:48 3:19 3:57
Sven Baertschi 0 0 0 -2 0 4 0 1 0 1 1/2 24:05 3:19 5:19
Valeri Nichushkin 0 0 0 -4 0 1 1 0 0 0 0/1 18:48 2:30 3:12
Vincent Desharnais 0 0 0 1 0 0 0 0 0 0 0/0 5:16 0:00 0:00
Players Stats for Wolves
Player Name G A P +/- PIM S H SB GA TA FO MP PP MP PK MP
------------------------------------------------------------------------------------
Alexandre Grenier 1 2 3 2 0 6 2 0 2 0 4/8 24:11 5:21 3:32
Anton Lindholm 0 1 1 -1 0 1 1 1 0 1 0/0 19:46 2:53 2:29
Antti Suomela 1 0 1 0 0 4 0 2 0 0 1/4 10:07 0:00 0:10
Dylan Coghlan 0 0 0 0 0 0 0 0 0 0 0/0 0:00 0:00 0:00
Eric Robinson 2 0 2 1 4 3 2 1 0 0 0/1 17:25 3:29 0:21
Fredrik Olofsson 0 0 0 0 2 0 2 0 0 0 0/0 10:22 0:00 0:14
Jake Evans 1 1 2 1 0 6 0 0 2 0 4/14 17:06 3:29 0:00
Jakub Zboril 0 0 0 0 0 0 0 0 0 1 0/0 8:10 0:00 0:16
Jalen Chatfield 0 0 0 0 0 0 0 1 0 0 0/0 8:10 0:00 0:16
Jeff Petry 0 0 0 -1 0 1 0 2 0 0 0/0 19:46 2:53 2:29
Jeffrey Foss 1 2 3 4 0 2 2 0 1 2 0/0 28:31 5:57 3:07
Joe Morrow 0 3 3 4 0 2 0 0 2 0 0/0 28:31 5:57 3:07
Kale Clague 0 0 0 0 0 0 0 0 0 0 0/0 3:33 0:00 0:00
Kevin Stenlund 0 0 0 0 0 0 0 0 0 0 0/0 0:00 0:00 0:00
Kieffer Bellows 0 0 0 0 0 1 1 0 0 0 0/0 6:14 0:00 0:00
Kyle Rau 1 1 2 2 0 5 0 0 1 0 22/36 24:11 5:21 3:32
Lawson Crouse 1 1 2 2 2 3 2 1 0 0 2/4 21:32 5:09 0:58
Liam O'Brien 0 0 0 0 0 0 0 0 0 0 0/0 0:16 0:12 0:00
Matthew Highmore 0 0 0 0 0 0 0 0 0 0 0/1 6:14 0:00 0:00
Samuel Girard 0 0 0 0 0 0 0 0 0 0 0/0 3:33 0:00 0:00
Thomas Spelling 0 1 1 0 0 1 0 0 0 0 0/0 9:57 0:00 0:00
Victor Olofsson 0 2 2 1 0 2 3 0 1 0 0/2 19:03 3:29 1:45
Wade Allison 0 0 0 0 0 0 0 0 0 0 0/0 6:14 0:00 0:00
Zachary Senyshyn 0 0 0 0 0 0 1 0 0 0 0/0 1:12 0:00 1:12
3 Stars
1 - Jeffrey Foss (Chi)
2 - Alexandre Grenier (Chi)
3 - Joe Morrow (Chi)
Power Play
Devils - 1 on 4 Attempt(s) - 25.00%
Wolves - 1 on 5 Attempt(s) - 20.00%
Penalty Kill
Devils - 4 on 5 Attempt(s) - 80.00%
- Score 0 goal in Penalty Kill
Wolves - 3 on 4 Attempt(s) - 75.00%
- Score 0 goal in Penalty Kill
Team Stat
Devils - Hits : 20 - Faceoff Wins : 37 - Blocked Shots : 13 - Penalty Minutes : 10
Wolves - Hits : 16 - Faceoff Wins : 33 - Blocked Shots : 8 - Penalty Minutes : 8
Official
Referees : Gord Dwyer and Graham Skilliter
Linesman : Brandon Gawryletz and Devin Berg
Game Notes
Juuse Saros enters game at 17:57 of 2nd period
Finance
Level 1 -- Attendance: 1872 (93.60%) -- Ticket Income $65,520
Level 2 -- Attendance: 876 (87.60%) -- Ticket Income $13,140
Total Attendance: 2748 (91.60%)
Total Ticket Income: $78,660
Other Income: $3,933
Total Income: $82,593
Devils
5 vs 5 Forward
Center Left Wing Right Wing Time % Phy DF OF
1 Sam Bennett Sven Baertschi Logan Shaw 40 0 2 3
2 Alan Quine Valeri Nichushkin Joonas Donskoi 30 0 2 3
3 Reid Boucher Brett Seney Conor Garland 20 0 2 3
4 Brett Howden Mason Marchment Jonny Brodzinski 10 0 2 3
5 vs 5 Defense
Defense Defense Time % Phy DF OF
1 Brandon Carlo Ben Hutton 40 0 3 2
2 Darren Dietz Ilya Lyubushkin 30 0 3 2
3 Robbie Russo Christian Wolanin 20 0 3 2
4 Jake Bean Vincent Desharnais 10 0 3 2
PowerPlay Forward
Center Left Wing Right Wing Time % Phy DF OF
1 Sam Bennett Sven Baertschi Logan Shaw 60 1 0 4
2 Alan Quine Valeri Nichushkin Joonas Donskoi 40 1 0 4
PowerPlay Defense
Defense Defense Time % Phy DF OF
1 Brandon Carlo Ben Hutton 60 0 2 3
2 Darren Dietz Ilya Lyubushkin 40 0 2 3
Penalty Kill 4 Players Forward
Center Wing Time % Phy DF OF
1 Sam Bennett Sven Baertschi 60 1 3 1
2 Alan Quine Valeri Nichushkin 40 1 3 1
Penalty Kill 4 Players Defense
Defense Defense Time % Phy DF OF
1 Brandon Carlo Ben Hutton 60 1 4 0
2 Darren Dietz Ilya Lyubushkin 40 1 4 0
Penalty Kill - 3 Players Forward
Forward Time % Phy DF OF
1 Sam Bennett 60 1 4 0
2 Alan Quine 40 1 4 0
Penalty Kill - 3 Players Defense
Defense Defense Time % Phy DF OF
1 Brandon Carlo Ben Hutton 60 1 4 0
2 Darren Dietz Ilya Lyubushkin 40 1 4 0
4 vs 4 Forward
Center Wing Time % Phy DF OF
1 Sam Bennett Sven Baertschi 60 0 2 3
2 Alan Quine Valeri Nichushkin 40 0 2 3
4 vs 4 Defense
Defense Defense Time % Phy DF OF
1 Brandon Carlo Ben Hutton 60 0 3 2
2 Darren Dietz Ilya Lyubushkin 40 0 3 2
Last Minutes Offensive
Center Left Wing Right Wing Defense Defense
Sam Bennett Sven Baertschi Logan Shaw Brandon Carlo Ben Hutton
Last Minutes Defensive
Center Left Wing Right Wing Defense Defense
Sam Bennett Sven Baertschi Logan Shaw Brandon Carlo Ben Hutton
Goaltenders
Starting : Calvin Pickard
Backup : Juuse Saros
Extra Forwards
Normal : Valeri Nichushkin, Alan Quine, Reid Boucher - PP : Valeri Nichushkin, Alan Quine - PK : Valeri Nichushkin
Extra Defensemen
Normal : Christian Wolanin, Jake Bean, Vincent Desharnais - PP : Christian Wolanin - PK : Christian Wolanin, Jake Bean
Penalty Shots
Logan Shaw, Sven Baertschi, Sam Bennett, Joonas Donskoi, Valeri Nichushkin
Scratches
Cristiano Digiacinto (Healthy), Dalton Thrower (Left Hip Injury)
Wolves
5 vs 5 Forward
Center Left Wing Right Wing Time % Phy DF OF
1 Kyle Rau Lawson Crouse Alexandre Grenier 40 1 2 2
2 Jake Evans Eric Robinson Victor Olofsson 30 1 2 2
3 Antti Suomela Fredrik Olofsson Thomas Spelling 20 1 2 2
4 Matthew Highmore Kieffer Bellows Wade Allison 10 1 2 2
5 vs 5 Defense
Defense Defense Time % Phy DF OF
1 Joe Morrow Jeffrey Foss 40 1 2 2
2 Anton Lindholm Jeff Petry 30 1 2 2
3 Jalen Chatfield Jakub Zboril 20 1 2 2
4 Samuel Girard Kale Clague 10 1 2 2
PowerPlay Forward
Center Left Wing Right Wing Time % Phy DF OF
1 Kyle Rau Lawson Crouse Alexandre Grenier 60 1 2 2
2 Jake Evans Eric Robinson Victor Olofsson 40 1 2 2
PowerPlay Defense
Defense Defense Time % Phy DF OF
1 Joe Morrow Jeffrey Foss 60 1 2 2
2 Anton Lindholm Jeff Petry 40 1 2 2
Penalty Kill 4 Players Forward
Center Wing Time % Phy DF OF
1 Alexandre Grenier Kyle Rau 60 1 2 2
2 Lawson Crouse Victor Olofsson 40 1 2 2
Penalty Kill 4 Players Defense
Defense Defense Time % Phy DF OF
1 Joe Morrow Jeffrey Foss 60 1 2 2
2 Anton Lindholm Jeff Petry 40 1 2 2
Penalty Kill - 3 Players Forward
Forward Time % Phy DF OF
1 Alexandre Grenier 60 1 2 2
2 Kyle Rau 40 1 2 2
Penalty Kill - 3 Players Defense
Defense Defense Time % Phy DF OF
1 Joe Morrow Jeffrey Foss 60 1 2 2
2 Anton Lindholm Jeff Petry 40 1 2 2
4 vs 4 Forward
Center Wing Time % Phy DF OF
1 Alexandre Grenier Kyle Rau 60 1 2 2
2 Lawson Crouse Victor Olofsson 40 1 2 2
4 vs 4 Defense
Defense Defense Time % Phy DF OF
1 Joe Morrow Jeffrey Foss 60 1 2 2
2 Anton Lindholm Jeff Petry 40 1 2 2
Last Minutes Offensive
Center Left Wing Right Wing Defense Defense
Kyle Rau Lawson Crouse Alexandre Grenier Joe Morrow Jeffrey Foss
Last Minutes Defensive
Center Left Wing Right Wing Defense Defense
Kyle Rau Lawson Crouse Alexandre Grenier Joe Morrow Jeffrey Foss
Goaltenders
Starting : Ebbe Siönäs
Backup : Laurent Brossoit
Extra Forwards
Normal : Liam O'Brien, Kevin Stenlund, Zachary Senyshyn - PP : Liam O'Brien, Kevin Stenlund - PK : Zachary Senyshyn
Extra Defensemen
Normal : Dylan Coghlan, Jalen Chatfield, Jakub Zboril - PP : Dylan Coghlan - PK : Jalen Chatfield, Jakub Zboril
Penalty Shots
Alexandre Grenier, Kyle Rau, Lawson Crouse, Victor Olofsson, Thomas Spelling
Scratches
Sebastian Aho (Back Spasms Injury), Joona Koppanen (Healthy), Sergei Kostenko (Healthy)
% Time on Ice - Devils
Lines # - Real PCT - Wanted PCT - Time Play
Normal Forward
1 - 37% - 40% - 16:42
2 - 29% - 30% - 13:00
3 - 19% - 20% - 8:23
4 - 16% - 10% - 7:13
Normal Defense
1 - 40% - 40% - 18:17
2 - 29% - 30% - 13:09
3 - 19% - 20% - 8:36
4 - 12% - 10% - 5:16
PP Forward
1 - 57% - 60% - 3:22
2 - 43% - 40% - 2:30
PP Defense
1 - 63% - 60% - 3:40
2 - 38% - 40% - 2:12
PK Forward
1 - 80% - 60% - 7:02
2 - 20% - 40% - 1:48
PK Defense
1 - 58% - 60% - 5:05
2 - 42% - 40% - 3:45
PK3 Forward
1 - 0% - 60%
2 - 0% - 40%
PK3 Defense
1 - 0% - 60%
2 - 0% - 40%
44 Forward
1 - 0% - 60%
2 - 0% - 40%
44 Defense
1 - 0% - 60%
2 - 0% - 40%
Last Minute Offensive - 0:00
Last Minute Defensive - 0:00
Total
Forward - 60:00
Defense - 60:00
|
% Time on Ice - Wolves
Lines # - Real PCT - Wanted PCT - Time Play
Normal Forward
1 - 34% - 40% - 15:18
2 - 31% - 30% - 13:49
3 - 22% - 20% - 9:57
4 - 14% - 10% - 6:14
Normal Defense
1 - 43% - 40% - 19:27
2 - 32% - 30% - 14:24
3 - 17% - 20% - 7:54
4 - 8% - 10% - 3:33
PP Forward
1 - 61% - 60% - 5:21
2 - 39% - 40% - 3:29
PP Defense
1 - 67% - 60% - 5:57
2 - 33% - 40% - 2:53
PK Forward
1 - 70% - 60% - 4:07
2 - 30% - 40% - 1:45
PK Defense
1 - 58% - 60% - 3:23
2 - 42% - 40% - 2:29
PK3 Forward
1 - 0% - 60%
2 - 0% - 40%
PK3 Defense
1 - 0% - 60%
2 - 0% - 40%
44 Forward
1 - 0% - 60%
2 - 0% - 40%
44 Defense
1 - 0% - 60%
2 - 0% - 40%
Last Minute Offensive - 0:00
Last Minute Defensive - 0:00
Total
Forward - 60:00
Defense - 60:00
|
Play-by-Play
1st period
0:01 of 1st period - Sam Bennett wins face-off versus Kyle Rau in neutral zone.
0:14 of 1st period - Wrist shot by Sven Baertschi.
0:14 of 1st period - Shot Misses the Net.
0:16 of 1st period - Wrist shot by Sven Baertschi.
0:16 of 1st period - Stopped by Ebbe Siönäs without a rebound.
0:17 of 1st period - Jake Evans wins face-off versus Alan Quine in Wolves zone.
0:22 of 1st period - Slapshot by Eric Robinson.
0:22 of 1st period - Deflect By Victor Olofsson.
0:22 of 1st period - Deflect By Joonas Donskoi.
0:22 of 1st period - Stopped by Calvin Pickard with a rebound.
0:34 of 1st period - Anton Lindholm is hit by Joonas Donskoi.
1:07 of 1st period - Lawson Crouse is hit by Robbie Russo and loses puck.
1:26 of 1st period - Joe Morrow is hit by Jonny Brodzinski and loses puck.
2:13 of 1st period - Snap shot by Logan Shaw.
2:13 of 1st period - Shot Misses the Net.
2:15 of 1st period - Wrist shot by Brandon Carlo.
2:15 of 1st period - Stopped by Ebbe Siönäs without a rebound.
2:16 of 1st period - Kyle Rau wins face-off versus Conor Garland in Wolves zone.
2:18 of 1st period - Minor Penalty to Lawson Crouse for Tripping.
2:19 of 1st period - Alexandre Grenier wins face-off versus Sam Bennett in Wolves zone.
2:34 of 1st period - Off-side.
2:35 of 1st period - Alan Quine wins face-off versus Alexandre Grenier in neutral zone.
4:18 of 1st period - Penalty to Lawson Crouse is over, Lawson Crouse is back on ice.
4:33 of 1st period - Slapshot by Ben Hutton.
4:33 of 1st period - Deflect By Kyle Rau.
4:33 of 1st period - Stopped by Ebbe Siönäs with a rebound.
4:35 of 1st period - Slapshot by Brandon Carlo.
4:35 of 1st period - Deflect By Brett Seney.
4:35 of 1st period - Stopped by Ebbe Siönäs without a rebound.
4:36 of 1st period - Brett Howden wins face-off versus Antti Suomela in Wolves zone.
4:47 of 1st period - Wrist shot by Jonny Brodzinski.
4:47 of 1st period - Shot Blocked by Antti Suomela.
4:49 of 1st period - Snap shot by Jonny Brodzinski.
4:49 of 1st period - Stopped by Ebbe Siönäs with a rebound.
4:51 of 1st period - Snap shot by Jonny Brodzinski.
4:51 of 1st period - Shot Misses the Net.
5:01 of 1st period - Darren Dietz is hit by Victor Olofsson and loses puck.
5:30 of 1st period - Slapshot by Jeffrey Foss.
5:30 of 1st period - Shot Blocked by Joonas Donskoi.
5:59 of 1st period - Wrist shot by Jake Evans.
5:59 of 1st period - Stopped by Calvin Pickard with a rebound.
6:19 of 1st period - Ilya Lyubushkin is hit by Lawson Crouse and loses puck.
6:52 of 1st period - Jakub Zboril is hit by Sam Bennett and loses puck.
7:19 of 1st period - Backhand shot by Ben Hutton.
7:19 of 1st period - Shot Misses the Net.
8:09 of 1st period - Wrist shot by Sven Baertschi.
8:09 of 1st period - Deflect By Sam Bennett.
8:09 of 1st period - Stopped by Ebbe Siönäs without a rebound.
8:10 of 1st period - Sam Bennett wins face-off versus Jake Evans in Wolves zone.
8:53 of 1st period - Slapshot by Sven Baertschi.
8:53 of 1st period - Stopped by Ebbe Siönäs with a rebound.
9:17 of 1st period - Snap shot by Sam Bennett.
9:17 of 1st period - Goal by Sam Bennett - Devils : 1 - Wolves : 0.
9:18 of 1st period - Alan Quine wins face-off versus Lawson Crouse in neutral zone.
9:29 of 1st period - Wrist shot by Alan Quine.
9:29 of 1st period - Stopped by Ebbe Siönäs without a rebound.
9:30 of 1st period - Kyle Rau wins face-off versus Alan Quine in Wolves zone.
9:41 of 1st period - Snap shot by Kyle Rau.
9:41 of 1st period - Deflect By Alexandre Grenier.
9:41 of 1st period - Stopped by Calvin Pickard with a rebound.
9:57 of 1st period - Thomas Spelling is hit by Conor Garland and loses puck.
10:04 of 1st period - Snap shot by Conor Garland.
10:04 of 1st period - Stopped by Ebbe Siönäs without a rebound.
10:05 of 1st period - Kyle Rau wins face-off versus Sam Bennett in Wolves zone.
10:05 of 1st period - Kyle Rau is hit by Darren Dietz.
10:13 of 1st period - Slapshot by Alexandre Grenier.
10:13 of 1st period - Shot Blocked by Sven Baertschi.
10:15 of 1st period - Wrist shot by Alexandre Grenier.
10:15 of 1st period - Stopped by Calvin Pickard with a rebound.
10:17 of 1st period - Slapshot by Lawson Crouse.
10:17 of 1st period - Goal by Lawson Crouse - Devils : 1 - Wolves : 1.
10:18 of 1st period - Sam Bennett wins face-off versus Alexandre Grenier in neutral zone.
10:21 of 1st period - Slapshot by Ben Hutton.
10:21 of 1st period - Deflect By Sam Bennett.
10:21 of 1st period - Shot Misses the Net.
10:21 of 1st period - Puck is out of play.
10:22 of 1st period - Kyle Rau wins face-off versus Sam Bennett in Wolves zone.
10:32 of 1st period - Icing by Lawson Crouse.
10:33 of 1st period - Sam Bennett wins face-off versus Kyle Rau in Wolves zone.
11:53 of 1st period - Wrist shot by Logan Shaw.
11:53 of 1st period - Shot Misses the Net.
12:05 of 1st period - Robbie Russo is hit by Alexandre Grenier and loses puck.
12:38 of 1st period - Jake Evans is hit by Christian Wolanin and loses puck.
12:51 of 1st period - Sam Bennett is hit by Fredrik Olofsson and loses puck.
12:56 of 1st period - Snap shot by Antti Suomela.
12:56 of 1st period - Stopped by Calvin Pickard with a rebound.
12:58 of 1st period - Minor Penalty to Logan Shaw for Tripping.
12:59 of 1st period - Sam Bennett wins face-off versus Kyle Rau in Devils zone.
13:06 of 1st period - Slapshot by Sven Baertschi.
13:06 of 1st period - Stopped by Ebbe Siönäs with a rebound.
13:40 of 1st period - Darren Dietz is hit by Eric Robinson and loses puck.
14:50 of 1st period - Darren Dietz is hit by Jeffrey Foss and loses puck.
14:58 of 1st period - Penalty to Logan Shaw is over, Logan Shaw is back on ice.
15:20 of 1st period - Minor Penalty to Fredrik Olofsson for Interference.
15:21 of 1st period - Alexandre Grenier wins face-off versus Alan Quine in Wolves zone.
15:21 of 1st period - Alexandre Grenier is hit by Brandon Carlo.
17:07 of 1st period - Joonas Donskoi is hit by Alexandre Grenier and loses puck.
17:20 of 1st period - Penalty to Fredrik Olofsson is over, Fredrik Olofsson is back on ice.
17:31 of 1st period - Snap shot by Lawson Crouse.
17:31 of 1st period - Stopped by Calvin Pickard without a rebound.
17:32 of 1st period - Brett Howden wins face-off versus Antti Suomela in Devils zone.
17:37 of 1st period - Jakub Zboril is hit by Mason Marchment and loses puck.
17:44 of 1st period - Snap shot by Jonny Brodzinski.
17:44 of 1st period - Shot Blocked by Antti Suomela.
17:46 of 1st period - Wrist shot by Mason Marchment.
17:46 of 1st period - Stopped by Ebbe Siönäs with a rebound.
18:05 of 1st period - Snap shot by Victor Olofsson.
18:05 of 1st period - Shot Misses the Net.
18:07 of 1st period - Snap shot by Victor Olofsson.
18:07 of 1st period - Stopped by Calvin Pickard with a rebound.
18:09 of 1st period - Wrist shot by Victor Olofsson.
18:09 of 1st period - Deflect By Brett Seney.
18:09 of 1st period - Shot Misses the Net.
18:09 of 1st period - Puck is out of play.
18:10 of 1st period - Kyle Rau wins face-off versus Alan Quine in Devils zone.
18:35 of 1st period - Snap shot by Jake Evans.
18:35 of 1st period - Stopped by Calvin Pickard with a rebound.
18:37 of 1st period - Snap shot by Eric Robinson.
18:37 of 1st period - Goal by Eric Robinson - Devils : 1 - Wolves : 2.
18:38 of 1st period - Lawson Crouse wins face-off versus Sam Bennett in neutral zone.
19:04 of 1st period - Ben Hutton is hit by Victor Olofsson and loses puck.
19:33 of 1st period - Slapshot by Thomas Spelling.
19:33 of 1st period - Shot Misses the Net.
19:35 of 1st period - Slapshot by Joe Morrow.
19:35 of 1st period - Shot Misses the Net.
19:41 of 1st period - Minor Penalty to Conor Garland for Roughing.
19:42 of 1st period - Sam Bennett wins face-off versus Kyle Rau in Devils zone.
Goals for this period are 1 for Devils vs 2 for Wolves.
Shots for this period are 12 for Devils vs 10 for Wolves.
2nd period
0:01 of 2nd period - Kyle Rau wins face-off versus Sam Bennett in neutral zone.
0:35 of 2nd period - Slapshot by Jeffrey Foss.
0:35 of 2nd period - Goal by Jeffrey Foss - Devils : 1 - Wolves : 3.
0:36 of 2nd period - Sam Bennett wins face-off versus Kyle Rau in neutral zone.
1:10 of 2nd period - Snap shot by Conor Garland.
1:10 of 2nd period - Stopped by Ebbe Siönäs without a rebound.
1:11 of 2nd period - Reid Boucher wins face-off versus Victor Olofsson in Wolves zone.
1:14 of 2nd period - Slapshot by Darren Dietz.
1:14 of 2nd period - Shot Misses the Net.
1:16 of 2nd period - Slapshot by Brett Seney.
1:16 of 2nd period - Goal by Brett Seney - Devils : 2 - Wolves : 3.
1:17 of 2nd period - Sam Bennett wins face-off versus Kyle Rau in neutral zone.
1:34 of 2nd period - Kyle Rau is hit by Logan Shaw and loses puck.
2:20 of 2nd period - Slapshot by Jeffrey Foss.
2:20 of 2nd period - Shot Misses the Net.
2:36 of 2nd period - Snap shot by Alexandre Grenier.
2:36 of 2nd period - Shot Misses the Net.
2:38 of 2nd period - Slapshot by Jeffrey Foss.
2:38 of 2nd period - Shot Misses the Net.
2:56 of 2nd period - Snap shot by Jonny Brodzinski.
2:56 of 2nd period - Deflect By Brett Howden.
2:56 of 2nd period - Stopped by Ebbe Siönäs without a rebound.
2:57 of 2nd period - Sam Bennett wins face-off versus Jake Evans in Wolves zone.
4:03 of 2nd period - Slapshot by Jakub Zboril.
4:03 of 2nd period - Deflect By Eric Robinson.
4:03 of 2nd period - Stopped by Calvin Pickard without a rebound.
4:04 of 2nd period - Brett Howden wins face-off versus Victor Olofsson in Devils zone.
4:13 of 2nd period - Wrist shot by Jonny Brodzinski.
4:13 of 2nd period - Shot Misses the Net.
4:33 of 2nd period - Snap shot by Antti Suomela.
4:33 of 2nd period - Stopped by Calvin Pickard with a rebound.
4:35 of 2nd period - Wrist shot by Antti Suomela.
4:35 of 2nd period - Stopped by Calvin Pickard without a rebound.
4:36 of 2nd period - Sam Bennett wins face-off versus Jake Evans in Devils zone.
4:38 of 2nd period - Minor Penalty to Sam Bennett for Boarding.
4:39 of 2nd period - Kyle Rau wins face-off versus Valeri Nichushkin in Devils zone.
4:45 of 2nd period - Snap shot by Alexandre Grenier.
4:45 of 2nd period - Shot Misses the Net.
4:47 of 2nd period - Slapshot by Alexandre Grenier.
4:47 of 2nd period - Stopped by Calvin Pickard with a rebound.
4:53 of 2nd period - Snap shot by Alexandre Grenier.
4:53 of 2nd period - Shot Misses the Net.
5:19 of 2nd period - Snap shot by Jake Evans.
5:19 of 2nd period - Stopped by Calvin Pickard with a rebound.
5:21 of 2nd period - Snap shot by Eric Robinson.
5:21 of 2nd period - Shot Misses the Net.
6:38 of 2nd period - Penalty to Sam Bennett is over, Sam Bennett is back on ice.
7:07 of 2nd period - Jalen Chatfield is hit by Christian Wolanin.
7:11 of 2nd period - Jalen Chatfield is hit by Sam Bennett and loses puck.
7:44 of 2nd period - Slapshot by Jake Bean.
7:44 of 2nd period - Shot Blocked by Jalen Chatfield.
8:59 of 2nd period - Off-side.
9:00 of 2nd period - Antti Suomela wins face-off versus Sam Bennett in neutral zone.
9:13 of 2nd period - Slapshot by Joe Morrow.
9:13 of 2nd period - Shot Blocked by Sam Bennett.
9:47 of 2nd period - Snap shot by Valeri Nichushkin.
9:47 of 2nd period - Stopped by Ebbe Siönäs without a rebound.
9:48 of 2nd period - Alan Quine wins face-off versus Kyle Rau in Wolves zone.
9:53 of 2nd period - Wrist shot by Alan Quine.
9:53 of 2nd period - Shot Blocked by Jeff Petry.
9:55 of 2nd period - Snap shot by Joonas Donskoi.
9:55 of 2nd period - Shot Blocked by Anton Lindholm.
9:57 of 2nd period - Wrist shot by Alan Quine.
9:57 of 2nd period - Deflect By Alexandre Grenier.
9:57 of 2nd period - Shot Misses the Net.
9:57 of 2nd period - Puck is out of play.
9:58 of 2nd period - Alan Quine wins face-off versus Kyle Rau in Wolves zone.
10:23 of 2nd period - Ben Hutton is hit by Fredrik Olofsson and loses puck.
10:48 of 2nd period - Snap shot by Logan Shaw.
10:48 of 2nd period - Stopped by Ebbe Siönäs without a rebound.
10:49 of 2nd period - Jake Evans wins face-off versus Sam Bennett in Wolves zone.
10:54 of 2nd period - Slapshot by Jeffrey Foss.
10:54 of 2nd period - Shot Blocked by Darren Dietz.
11:20 of 2nd period - Slapshot by Darren Dietz.
11:20 of 2nd period - Deflect By Brett Seney.
11:20 of 2nd period - Stopped by Ebbe Siönäs with a rebound.
11:40 of 2nd period - Slapshot by Joe Morrow.
11:40 of 2nd period - Deflect By Antti Suomela.
11:40 of 2nd period - Shot Misses the Net.
11:40 of 2nd period - Puck is out of play.
11:41 of 2nd period - Sam Bennett wins face-off versus Antti Suomela in Devils zone.
12:13 of 2nd period - Minor Penalty to Joonas Donskoi for Hooking.
12:14 of 2nd period - Kyle Rau wins face-off versus Sam Bennett in Devils zone.
12:16 of 2nd period - Slapshot by Joe Morrow.
12:16 of 2nd period - Deflect By Alexandre Grenier.
12:16 of 2nd period - Shot Blocked by Brandon Carlo.
12:16 of 2nd period - Puck is out of play.
12:17 of 2nd period - Kyle Rau wins face-off versus Sam Bennett in Devils zone.
12:18 of 2nd period - Wrist shot by Lawson Crouse.
12:18 of 2nd period - Stopped by Calvin Pickard without a rebound.
12:19 of 2nd period - Kyle Rau wins face-off versus Sam Bennett in Devils zone.
12:50 of 2nd period - Slapshot by Joe Morrow.
12:50 of 2nd period - Shot Blocked by Ben Hutton.
12:52 of 2nd period - Wrist shot by Jake Evans.
12:52 of 2nd period - Stopped by Calvin Pickard with a rebound.
14:04 of 2nd period - Darren Dietz is hit by Lawson Crouse and loses puck.
14:13 of 2nd period - Penalty to Joonas Donskoi is over, Joonas Donskoi is back on ice.
14:51 of 2nd period - Icing by Sam Bennett.
14:52 of 2nd period - Sam Bennett wins face-off versus Jake Evans in Devils zone.
15:18 of 2nd period - Wrist shot by Darren Dietz.
15:18 of 2nd period - Shot Blocked by Jeff Petry.
15:28 of 2nd period - Slapshot by Jonny Brodzinski.
15:28 of 2nd period - Goal by Jonny Brodzinski - Devils : 3 - Wolves : 3.
15:29 of 2nd period - Kyle Rau wins face-off versus Alan Quine in neutral zone.
15:38 of 2nd period - Snap shot by Kyle Rau.
15:38 of 2nd period - Deflect By Joonas Donskoi.
15:38 of 2nd period - Goal by Kyle Rau - Devils : 3 - Wolves : 4.
15:39 of 2nd period - Kyle Rau wins face-off versus Alan Quine in neutral zone.
15:45 of 2nd period - Jeffrey Foss is hit by Valeri Nichushkin.
16:05 of 2nd period - Logan Shaw is hit by Eric Robinson and loses puck.
16:12 of 2nd period - Victor Olofsson is hit by Robbie Russo and loses puck.
16:49 of 2nd period - Wrist shot by Matthew Highmore.
16:49 of 2nd period - Deflect By Kieffer Bellows.
16:49 of 2nd period - Stopped by Calvin Pickard without a rebound.
16:50 of 2nd period - Brett Howden wins face-off versus Matthew Highmore in Devils zone.
16:54 of 2nd period - Icing by Brandon Carlo.
16:55 of 2nd period - Brett Howden wins face-off versus Kyle Rau in Devils zone.
17:06 of 2nd period - Snap shot by Jonny Brodzinski.
17:06 of 2nd period - Stopped by Ebbe Siönäs without a rebound.
17:07 of 2nd period - Sam Bennett wins face-off versus Kyle Rau in Wolves zone.
17:10 of 2nd period - Snap shot by Logan Shaw.
17:10 of 2nd period - Stopped by Ebbe Siönäs with a rebound.
17:31 of 2nd period - Icing by Logan Shaw.
17:32 of 2nd period - Joonas Donskoi wins face-off versus Jake Evans in Devils zone.
17:36 of 2nd period - Icing by Valeri Nichushkin.
17:37 of 2nd period - Alan Quine wins face-off versus Jake Evans in Devils zone.
17:37 of 2nd period - Alan Quine is hit by Victor Olofsson.
17:47 of 2nd period - Snap shot by Jake Evans.
17:47 of 2nd period - Shot Misses the Net.
17:55 of 2nd period - Slapshot by Jake Evans.
17:55 of 2nd period - Stopped by Calvin Pickard with a rebound.
17:57 of 2nd period - Slapshot by Jake Evans.
17:57 of 2nd period - Goal by Jake Evans - Devils : 3 - Wolves : 5.
17:57 of 2nd period - Juuse Saros enters game.
17:58 of 2nd period - Kyle Rau wins face-off versus Sam Bennett in neutral zone.
18:07 of 2nd period - Snap shot by Alexandre Grenier.
18:07 of 2nd period - Deflect By Kyle Rau.
18:07 of 2nd period - Stopped by Juuse Saros with a rebound.
18:23 of 2nd period - Joe Morrow is hit by Joonas Donskoi.
18:31 of 2nd period - Snap shot by Victor Olofsson.
18:31 of 2nd period - Shot Blocked by Ben Hutton.
18:33 of 2nd period - Snap shot by Anton Lindholm.
18:33 of 2nd period - Stopped by Juuse Saros without a rebound.
18:34 of 2nd period - Kyle Rau wins face-off versus Sam Bennett in Devils zone.
19:05 of 2nd period - Snap shot by Thomas Spelling.
19:05 of 2nd period - Shot Misses the Net.
19:07 of 2nd period - Slapshot by Jeffrey Foss.
19:07 of 2nd period - Stopped by Juuse Saros with a rebound.
19:09 of 2nd period - Wrist shot by Jeffrey Foss.
19:09 of 2nd period - Shot Blocked by Joonas Donskoi.
19:11 of 2nd period - Snap shot by Thomas Spelling.
19:11 of 2nd period - Shot Hit the Post.
19:13 of 2nd period - Snap shot by Antti Suomela.
19:13 of 2nd period - Goal by Antti Suomela - Devils : 3 - Wolves : 6.
19:14 of 2nd period - Kyle Rau wins face-off versus Sam Bennett in neutral zone.
19:19 of 2nd period - Snap shot by Alexandre Grenier.
19:19 of 2nd period - Shot Misses the Net.
19:29 of 2nd period - Wrist shot by Alexandre Grenier.
19:29 of 2nd period - Stopped by Juuse Saros without a rebound.
19:30 of 2nd period - Jake Evans wins face-off versus Alan Quine in Devils zone.
19:37 of 2nd period - Slapshot by Joe Morrow.
19:37 of 2nd period - Shot Blocked by Brandon Carlo.
19:39 of 2nd period - Slapshot by Joe Morrow.
19:39 of 2nd period - Shot Misses the Net.
19:41 of 2nd period - Snap shot by Eric Robinson.
19:41 of 2nd period - Goal by Eric Robinson - Devils : 3 - Wolves : 7.
19:42 of 2nd period - Kyle Rau wins face-off versus Sam Bennett in neutral zone.
Goals for this period are 2 for Devils vs 5 for Wolves.
Shots for this period are 9 for Devils vs 18 for Wolves.
3rd period
0:01 of 3rd period - Sam Bennett wins face-off versus Kyle Rau in neutral zone.
0:07 of 3rd period - Off-side.
0:08 of 3rd period - Kyle Rau wins face-off versus Sam Bennett in neutral zone.
0:10 of 3rd period - Joe Morrow is hit by Ilya Lyubushkin and loses puck.
0:21 of 3rd period - Snap shot by Sam Bennett.
0:21 of 3rd period - Deflect By Sven Baertschi.
0:21 of 3rd period - Stopped by Ebbe Siönäs with a rebound.
0:23 of 3rd period - Snap shot by Sam Bennett.
0:23 of 3rd period - Deflect By Logan Shaw.
0:23 of 3rd period - Deflect By Kyle Rau.
0:23 of 3rd period - Stopped by Ebbe Siönäs with a rebound.
0:49 of 3rd period - Minor Penalty to Eric Robinson for Roughing.
0:50 of 3rd period - Alexandre Grenier wins face-off versus Sven Baertschi in Wolves zone.
0:58 of 3rd period - Off-side.
0:59 of 3rd period - Sam Bennett wins face-off versus Alexandre Grenier in neutral zone.
1:10 of 3rd period - Snap shot by Brandon Carlo.
1:10 of 3rd period - Goal by Brandon Carlo - Devils : 4 - Wolves : 7.
1:11 of 3rd period - Sam Bennett wins face-off versus Kyle Rau in neutral zone.
1:39 of 3rd period - Off-side.
1:40 of 3rd period - Alan Quine wins face-off versus Jake Evans in neutral zone.
1:42 of 3rd period - Minor Penalty to Darren Dietz for Slashing.
1:43 of 3rd period - Kyle Rau wins face-off versus Sam Bennett in Devils zone.
1:47 of 3rd period - Wrist shot by Alexandre Grenier.
1:47 of 3rd period - Shot Misses the Net.
1:49 of 3rd period - Slapshot by Joe Morrow.
1:49 of 3rd period - Stopped by Juuse Saros without a rebound.
1:50 of 3rd period - Kyle Rau wins face-off versus Sam Bennett in Devils zone.
2:21 of 3rd period - Icing by Jake Evans.
2:22 of 3rd period - Alan Quine wins face-off versus Jake Evans in Wolves zone.
3:42 of 3rd period - Penalty to Darren Dietz is over, Darren Dietz is back on ice.
3:56 of 3rd period - Brett Seney is hit by Anton Lindholm and loses puck.
4:28 of 3rd period - Victor Olofsson is hit by Joonas Donskoi.
4:57 of 3rd period - Snap shot by Antti Suomela.
4:57 of 3rd period - Shot Blocked by Reid Boucher.
6:07 of 3rd period - Slapshot by Alan Quine.
6:07 of 3rd period - Shot Misses the Net.
7:14 of 3rd period - Slapshot by Brandon Carlo.
7:14 of 3rd period - Stopped by Ebbe Siönäs with a rebound.
7:16 of 3rd period - Slapshot by Brandon Carlo.
7:16 of 3rd period - Deflect By Conor Garland.
7:16 of 3rd period - Shot Misses the Net.
7:16 of 3rd period - Puck is out of play.
7:17 of 3rd period - Kyle Rau wins face-off versus Sam Bennett in Wolves zone.
7:26 of 3rd period - Slapshot by Kyle Rau.
7:26 of 3rd period - Stopped by Juuse Saros with a rebound.
8:50 of 3rd period - Slapshot by Jeff Petry.
8:50 of 3rd period - Deflect By Jake Evans.
8:50 of 3rd period - Shot Blocked by Logan Shaw.
8:50 of 3rd period - Puck is out of play.
8:51 of 3rd period - Alexandre Grenier wins face-off versus Logan Shaw in Devils zone.
9:39 of 3rd period - Samuel Girard is hit by Joonas Donskoi and loses puck.
9:44 of 3rd period - Wrist shot by Alan Quine.
9:44 of 3rd period - Stopped by Ebbe Siönäs with a rebound.
10:02 of 3rd period - Snap shot by Brett Seney.
10:02 of 3rd period - Stopped by Ebbe Siönäs with a rebound.
10:04 of 3rd period - Wrist shot by Conor Garland.
10:04 of 3rd period - Shot Blocked by Lawson Crouse.
10:06 of 3rd period - Snap shot by Brett Seney.
10:06 of 3rd period - Goal by Brett Seney - Devils : 5 - Wolves : 7.
10:07 of 3rd period - Kyle Rau wins face-off versus Joonas Donskoi in neutral zone.
10:12 of 3rd period - Snap shot by Kyle Rau.
10:12 of 3rd period - Stopped by Juuse Saros with a rebound.
10:18 of 3rd period - Snap shot by Kyle Rau.
10:18 of 3rd period - Stopped by Juuse Saros without a rebound.
10:19 of 3rd period - Lawson Crouse wins face-off versus Sam Bennett in Devils zone.
10:20 of 3rd period - Snap shot by Alexandre Grenier.
10:20 of 3rd period - Stopped by Juuse Saros with a rebound.
10:22 of 3rd period - Wrist shot by Lawson Crouse.
10:22 of 3rd period - Shot Misses the Net.
10:24 of 3rd period - Snap shot by Alexandre Grenier.
10:24 of 3rd period - Goal by Alexandre Grenier - Devils : 5 - Wolves : 8.
10:25 of 3rd period - Sam Bennett wins face-off versus Kyle Rau in neutral zone.
10:28 of 3rd period - Anton Lindholm is hit by Logan Shaw and loses puck.
10:58 of 3rd period - Slapshot by Jeff Petry.
10:58 of 3rd period - Stopped by Juuse Saros with a rebound.
11:00 of 3rd period - Wrist shot by Jeff Petry.
11:00 of 3rd period - Shot Misses the Net.
11:23 of 3rd period - Backhand shot by Conor Garland.
11:23 of 3rd period - Stopped by Ebbe Siönäs with a rebound.
11:25 of 3rd period - Slapshot by Brandon Carlo.
11:25 of 3rd period - Deflect By Joe Morrow.
11:25 of 3rd period - Stopped by Ebbe Siönäs with a rebound.
11:35 of 3rd period - Ilya Lyubushkin is hit by Kieffer Bellows and loses puck.
11:44 of 3rd period - Slapshot by Jonny Brodzinski.
11:44 of 3rd period - Stopped by Ebbe Siönäs with a rebound.
12:16 of 3rd period - Wrist shot by Joonas Donskoi.
12:16 of 3rd period - Stopped by Ebbe Siönäs without a rebound.
12:17 of 3rd period - Alan Quine wins face-off versus Jake Evans in Wolves zone.
12:37 of 3rd period - Off-side.
12:38 of 3rd period - Sam Bennett wins face-off versus Lawson Crouse in neutral zone.
13:28 of 3rd period - Slapshot by Darren Dietz.
13:28 of 3rd period - Shot Misses the Net.
13:30 of 3rd period - Snap shot by Conor Garland.
13:30 of 3rd period - Shot Misses the Net.
13:32 of 3rd period - Wrist shot by Reid Boucher.
13:32 of 3rd period - Stopped by Ebbe Siönäs with a rebound.
13:54 of 3rd period - Wrist shot by Kyle Rau.
13:54 of 3rd period - Shot Misses the Net.
13:56 of 3rd period - Slapshot by Joe Morrow.
13:56 of 3rd period - Stopped by Juuse Saros without a rebound.
13:57 of 3rd period - Alan Quine wins face-off versus Jake Evans in Devils zone.
14:06 of 3rd period - Snap shot by Joonas Donskoi.
14:06 of 3rd period - Shot Misses the Net.
14:12 of 3rd period - Wrist shot by Jake Evans.
14:12 of 3rd period - Shot Misses the Net.
14:30 of 3rd period - Snap shot by Thomas Spelling.
14:30 of 3rd period - Stopped by Juuse Saros without a rebound.
14:31 of 3rd period - Sam Bennett wins face-off versus Kyle Rau in Devils zone.
15:05 of 3rd period - Slapshot by Jake Evans.
15:05 of 3rd period - Deflect By Conor Garland.
15:05 of 3rd period - Shot Misses the Net.
15:05 of 3rd period - Puck is out of play.
15:06 of 3rd period - Kyle Rau wins face-off versus Alan Quine in Devils zone.
16:07 of 3rd period - Antti Suomela is hit by Sam Bennett and loses puck.
16:22 of 3rd period - Snap shot by Matthew Highmore.
16:22 of 3rd period - Shot Misses the Net.
17:30 of 3rd period - Snap shot by Sam Bennett.
17:30 of 3rd period - Deflect By Logan Shaw.
17:30 of 3rd period - Shot Blocked by Eric Robinson.
17:30 of 3rd period - Puck is out of play.
17:31 of 3rd period - Jake Evans wins face-off versus Alan Quine in Wolves zone.
17:40 of 3rd period - Slapshot by Joe Morrow.
17:40 of 3rd period - Deflect By Jake Evans.
17:40 of 3rd period - Shot Blocked by Joonas Donskoi.
17:40 of 3rd period - Puck is out of play.
17:41 of 3rd period - Alan Quine wins face-off versus Eric Robinson in Devils zone.
17:41 of 3rd period - Alan Quine is hit by Jeffrey Foss.
18:24 of 3rd period - Slapshot by Joonas Donskoi.
18:24 of 3rd period - Stopped by Ebbe Siönäs with a rebound.
18:26 of 3rd period - Minor Penalty to Eric Robinson for Hooking.
18:27 of 3rd period - Sven Baertschi wins face-off versus Alexandre Grenier in Wolves zone.
19:28 of 3rd period - Logan Shaw is hit by Zachary Senyshyn and loses puck.
19:35 of 3rd period - Slapshot by Joe Morrow.
19:35 of 3rd period - Shot Blocked by Ilya Lyubushkin.
Goals for this period are 2 for Devils vs 1 for Wolves.
Shots for this period are 13 for Devils vs 9 for Wolves.